 Dungeon Crawl Stone Soup version 0.26-a0-712-ga5a9c9c9d0 (webtiles) character file.

Game seed: 11643395865310124529

3617 kae the Grappler (level 9, 0/67 HPs)
             Began as a Troll Transmuter on Nov 11, 2020.
             Was an Initiate of Hepliaklqana.
             Slain by a hornet (6 damage)
             ... on level 8 of the Dungeon.
             The game lasted 00:06:07 (6507 turns).

kae the Grappler (Troll Transmuter)                 Turns: 6507, Time: 00:06:07

Health: 0/67       AC:  7    Str: 22    XL:     9   Next: 86%
Magic:  12/12      EV: 10    Int: 10    God:    Hepliaklqana [......]
Gold:   396        SH:  0    Dex: 16    Spells: 1/14 levels left

rFire    . . .     SeeInvis .     - Unarmed
rCold    . . .     Faith    .   (no shield)
rNeg     . . .     Spirit   .   a - +1 robe
rPois    .         Reflect  .   (helmet restricted)
rElec    .         Harm     .   (no cloak)
rCorr    .         Rampage  .   (gloves unavailable)
MR       .....                  (boots unavailable)
Stlth    +.........             F - amulet of magic regeneration
HPRegen  0.61/turn              d - ring of wizardry
MPRegen  0.38/turn              p - +6 ring of dexterity

@: lethally poisoned (0 -> -3), marked, slowed, lightly drained, very slow
A: large, unfitting armour, reduced essence, claws 3, regeneration 1, shaggy fur
1, tough skin 3
a: Recall Ancestor, Ancestor Identity, Renounce Religion


You were on level 8 of the Dungeon.
You worshipped Hepliaklqana.
Hepliaklqana was noncommittal.
You visited 2 branches of the dungeon, and saw 9 of its levels.

You collected 396 gold pieces.

Inventory:

Armour
 a - a +1 robe (worn)
Jewellery
 d - a ring of wizardry (left claw)
 g - an uncursed ring of fire
 p - a +6 ring of dexterity (right claw)
 B - an uncursed ring of magical power
 D - an uncursed ring of positive energy
 F - an amulet of magic regeneration (around neck)
Wands
 i - a wand of acid (6)
 n - a wand of iceblast (7)
 y - a wand of polymorph (8)
Scrolls
 k - 4 scrolls of teleportation
 l - 2 scrolls of noise {unknown}
 m - 6 scrolls of amnesia
 o - 2 scrolls of immolation
 v - a scroll of magic mapping
 w - 2 scrolls of remove curse
Potions
 b - 5 potions of curing
 c - a potion of lignification
 e - 5 potions of heal wounds
 f - 4 potions of brilliance {unknown}
 h - 2 potions of degeneration {unknown}
 j - a potion of mutation {unknown}
 q - 3 potions of berserk rage {unknown}
 s - 3 potions of might {unknown}
 u - a potion of magic {unknown}
 z - a potion of ambrosia {unknown}
 C - a potion of flight {unknown}
 G - a potion of stabbing {unknown}


   Skills:
 - Level 0.7(0.6) Fighting
 - Level 1.5(1.4) Dodging
 * Level 10.0(9.9) Unarmed Combat
 - Level 3.0(2.9) Spellcasting
 * Level 7.4(7.3) Transmutations


You had one spell level left.
You knew the following spells:

 Your Spells              Type           Power        Failure   Level
a - Beastly Appendage     Tmut           ###...       1%          1
b - Spider Form           Tmut/Pois      #.........   8%          3
c - Blade Hands           Tmut           ###.......   16%         5
d - Ice Form              Ice/Tmut       #.......     26%         4

Your spell library contained the following spells:

 Spells                   Type           Power        Failure   Level
 Wereblood                Tmut           ###.....     1%          2
 Bolt of Magma            Conj/Fire/Erth #.........   95%         5
 Iskenderun's Battlesphe  Conj           #.......     95%         5
 Iron Shot                Conj/Erth      #.........   100%        6
 Orb of Destruction       Conj           #.........   100%        7
 Spellforged Servitor     Conj/Summ      #.........   100%        7


Dungeon Overview and Level Annotations

Branches:
Dungeon (8/15)             Temple (1/1) D:6
   Lair: D:8-11

Altars:
Cheibriados
Dithmenos
Elyvilon
Fedhas
Gozag
Hepliaklqana
Kikubaaqudgha
Makhleb
Nemelex Xobeh
Okawaru
Qazlal
Ru
Sif Muna
Trog
Uskayaw
Vehumet
Wu Jian
Xom
Yredelemnul
Zin

Annotations:
D:6 Eustachio
D:8 Erica


Innate Abilities, Weirdness & Mutations

You are too large for most types of armour.
You have claws for hands.
Your natural rate of healing is unusually fast.
You are covered in fur. (AC +1)
You have extremely tough skin. (AC +3)
Your life essence is reduced to manifest your ancestor. (-10% HP)


Message History

The hornet is moderately wounded.
You feel sick. The hornet stings you!
* * * LOW HITPOINT WARNING * * *
You feel as though you will be slow longer.
Something hits you but does no damage.
Dube misses something.
Unknown command.
Okay, then.
Okay, then.
You feel much better.
You feel sick. Something hits you but does no damage. The hornet stings you!
* * * LOW HITPOINT WARNING * * *
You feel as though you will be slow longer.
Erica the Fiery-Tempered comes into view.
She is wielding a +3 scimitar of flaming and wearing a +2 robe of cold resistance.
Something hits you.
* * * LOW HITPOINT WARNING * * *
The hornet misses you.
Dube hits something but does no damage.
Something hits you but does no damage. The iguana bites you.
* * * LOW HITPOINT WARNING * * *
The hornet stings you.
You die...

##### ..... #####......
####### #...#......
......# #####...#......
......+ .....(..?...>..
......# #....†......
......#######..F@R......
.)....+#.#.##..ly{..#+##
......#R#R#.'.....5.#
.......#.#@##.......#
#+#'#.#.#.#########...
#.#.#.#.#.# #..#
#.#+#+#.#.## ..# ..
..#.#.# .# #.. ... #.##


You could see the friendly Dube the ancestor, Erica, a hornet, a lemure, a
bullfrog and an iguana.

Vanquished Creatures
  A two-headed ogre (D:7)
  Grinder (D:6)
  Edmund (D:5)
  2 orc warriors
  An ice beast (D:5)
  Duvessa (D:6)
  A phantom (D:6)
  A black bear (D:5)
  2 sky beasts
  A necrophage (D:8)
  4 ogres
  2 centaurs (D:7)
  3 bullfrogs
  Dowan (D:6)
  3 wights (D:8)
  A centaur zombie (D:7)
  3 orc priests
  2 hounds
  8 orc wizards
  2 bullfrog skeletons
  3 iguanas
  7 worker ants
  3 gnolls (D:5)
  9 adders
  A white imp (D:7)
  2 oozes
  5 worms
  4 dart slugs
  2 leopard geckos
  19 orcs
  4 bats
  7 giant cockroaches
  13 goblins
  22 hobgoblins
  3 quokkas
  A ball python (D:5)
  4 frilled lizards
  A jackal skeleton (D:5)
  10 kobolds
  A quokka skeleton (D:5)
  10 rats
172 creatures vanquished.

Vanquished Creatures (collateral kills)
  An orc priest (D:8)
  An adder (D:8)
  An orc (D:8)
3 creatures vanquished.

Grand Total: 175 creatures vanquished

Notes
Turn   | Place    | Note
-------+----------+-------------------------------------------
     0 | D:1      | kae the Troll Transmuter began the quest for the Orb.
     0 | D:1      | Reached XP level 1. HP: 18/18 MP: 1/1
   142 | D:1      | Reached XP level 2. HP: 26/26 MP: 3/3
   395 | D:1      | Reached XP level 3. HP: 32/32 MP: 4/4
   494 | D:1      | Learned a level 3 spell: Spider Form
   811 | D:2      | Found a sparkling altar of Nemelex Xobeh.
   999 | D:2      | Reached XP level 4. HP: 40/40 MP: 3/5
  1048 | D:2      | Reached skill level 4 in Unarmed Combat
  1073 | D:2      | Found an ancient bone altar of Kikubaaqudgha.
  1314 | D:3      | Noticed an ogre
  1320 | D:3      | Killed an ogre
  1320 | D:3      | Reached XP level 5. HP: 46/46 MP: 6/6
  1997 | D:4      | Found a snail-covered altar of Cheibriados.
  2112 | D:4      | Found a sacrificial altar of Ru.
  2162 | D:4      | Reached XP level 6. HP: 38/54 MP: 6/8
  2224 | D:4      | Reached skill level 5 in Unarmed Combat
  2575 | D:4      | Found a stormy altar of Qazlal.
  2944 | D:5      | Entered Level 5 of the Dungeon
  3089 | D:5      | Reached XP level 7. HP: 61/61 MP: 9/9
  3193 | D:5      | Reached skill level 6 in Unarmed Combat
  3221 | D:5      | Found a shimmering blue altar of Sif Muna.
  3672 | D:5      | Found an iron altar of Okawaru.
  3924 | D:5      | Reached XP level 8. HP: 51/68 MP: 11/11
  3931 | D:5      | Learned a level 5 spell: Blade Hands
  3984 | D:6      | Noticed Edmund
  3985 | D:6      | Noticed Duvessa
  3985 | D:6      | Noticed Dowan
  4069 | D:5      | Killed Edmund
  4069 | D:5      | Reached skill level 7 in Unarmed Combat
  4083 | D:5      | Reached skill level 5 in Transmutations
  4228 | D:6      | Killed Duvessa
  4290 | D:6      | Killed Dowan
  4374 | D:6      | Noticed Eustachio
  4492 | D:6      | Noticed Grinder
  4497 | D:6      | Killed Grinder
  4497 | D:6      | Reached skill level 8 in Unarmed Combat
  4637 | D:6      | Found a staircase to the Ecumenical Temple.
  4651 | D:6      | Reached XP level 9. HP: 67/75 MP: 12/12
  4876 | Temple   | Entered the Ecumenical Temple
  5411 | D:7      | Found a hide-covered altar of Uskayaw.
  5412 | D:7      | Found a hazy altar of Hepliaklqana.
  5417 | D:7      | Became a worshipper of Hepliaklqana the Forgotten
  5448 | D:7      | Found an ornate altar of the Wu Jian Council.
  5479 | D:7      | Reached skill level 9 in Unarmed Combat
  5614 | D:7      | Found a blossoming altar of Fedhas.
  5723 | D:7      | Found a radiant altar of Vehumet.
  6014 | D:7      | Noticed a moth of wrath
  6017 | D:7      | Found a bloodstained altar of Trog.
  6145 | D:8      | Learned a level 4 spell: Ice Form
  6164 | D:8      | Noticed a two-headed ogre
  6273 | D:7      | Killed a two-headed ogre
  6418 | D:8      | Reached skill level 10 in Unarmed Combat
  6503 | D:8      | Paralysed by a hornet for 1 turns
  6507 | D:8      | Noticed Erica
  6507 | D:8      | Slain by a hornet

Illustrated notes

Levels and vault maps discovered:
D:1:      psy_arrival_basics, layout_loops_ring
D:2:      layout_rooms, overflow_temple_1_default,
          nemelex_xobeh_ov_fountains_minmay, minmay_tetromino_t4
D:3:      layout_loops_corners
D:4:      wad_river_or_something, layout_basic, lemuel_coloured_pillars_altar,
          kennysheep_slug_shrine, nicolae_qazlal_general_emergency
D:5:      corexii_shantytown, layout_cave_pods, overflow_temple_1_default,
          led_sif_pool, grunt_tough_drop
D:6:      layout_gridville, minmay_temple_entry_poolview,
          nicolae_lava_and_water, uniq_edmund, uniq_eustachio, uniq_duvessa,
          uniq_grinder
D:7:      layout_loops_ring, overflow_temple_1_default, kennysheep_little_box,
          tgw_trog, gammafunk_temple_overflow_statue,
          fedhas_bush_and_centaur_altar
D:8:      layout_basic, lemuel_round_altar, serial_shops,
          nicolae_shop_overgrown_old_shop, shop, uniq_pikel, uniq_erica
Temple:   grunt_temple_mini_profane

Skill      XL: |  1  2  3  4  5  6  7  8  9 |
---------------+----------------------------+-----
Transmutations | 2 3 4 6 7 |  7.4
Unarmed Combat | 4 5 6 8 10 | 10.0
Spellcasting   | 2 3 |  3.0
Fighting       | |  0.7
Dodging        | |  1.5

Action                   |  1- 3 |  4- 6 |  7- 9 || total
-------------------------+-------+-------+-------++-------
Melee: Unarmed           |   109 |   127 |   269 ||   505
       Kick              |     6 |    10 |     6 ||    22
       Headbutt          |     3 |     2 |     5 ||    10
       Punch             |       |     3 |     8 ||    11
 Cast: Beastly Appendage |    10 |    12 |     4 ||    26
       Blade Hands       |       |       |     8 ||     8
       Spider Form       |       |       |     1 ||     1
Evoke: Wand              |       |     2 |       ||     2
  Use: Scroll            |       |     4 |     9 ||    13
       Potion            |       |       |     1 ||     1
Armor: Robe              |    44 |    43 |    91 ||   178
       Skin              |       |       |     8 ||     8
Dodge: Dodged            |    55 |    47 |   141 ||   243

Table legend: (Time is in decaauts)
 A = Elapsed time spent in this place.
 B = Non-inter-level travel time spent in this place.
 C = Inter-level travel time spent in this place.
 D = Time resting spent in this place.
 E = Time spent auto-exploring this place.
 F = Levels seen in this place.
 G = Mean time per level.
                   A        B        C        D        E       F      G
               +--------+--------+--------+--------+--------+-----+--------+
         Total |   6455 |   6139 |    316 |    353 |   4637 |   9 |  717.2 |
       Dungeon |   6263 |   5986 |    277 |    353 |   4483 |   8 |  782.9 |
        Temple |    192 |    154 |     38 |      0 |    154 |   1 |  192.0 |
               +--------+--------+--------+--------+--------+-----+--------+

Top non-repeatable levels by time:
     D:5: 1299 daAuts
     D:7: 1144 daAuts
     D:4: 1020 daAuts
     D:3: 811 daAuts
     D:1: 704 daAuts
     D:6: 563 daAuts
     D:2: 464 daAuts
     D:8: 255 daAuts
  Temple: 192 daAuts
